 Dungeon Crawl Stone Soup version 0.23-a0-417-gf02c810438 (webtiles) character file.

156 Eqeqeq the Charmwright (level 5, 41/44 (45) HPs)
             Began as a Draconian Skald on Nov 10, 2018.
             Was a Follower of Fedhas.
             Quit the game on level 3 of the Dungeon.
             The game lasted 00:05:30 (2721 turns).

Eqeqeq the Charmwright (Draconian Skald)            Turns: 2721, Time: 00:05:31

HP:   41/44 (45)    AC:  6    Str: 14    XL:     5   Next: 15%
MP:   8/8           EV: 12    Int: 14    God:    Fedhas [*.....]
Gold: 97            SH:  0    Dex: 10    Spells: 2/8 levels left

rFire    . . .     SeeInvis .   a - +0 hand axe
rCold    . . .     Gourm    .   (no shield)
rNeg     . . .     Faith    .   (armour unavailable)
rPois    .         Spirit   .   (helmet restricted)
rElec    .         Reflect  .   (no cloak)
rCorr    .         Harm     .   (no gloves)
MR       .....                  m - +0 pair of boots
Stlth    +.........             (no amulet)
HPRegen  0.14/turn              (no ring)
MPRegen  0.11/turn              (no ring)

@: no status effects
A: unfitting armour, cold-blooded, AC +5
a: Fungal Bloom, Sunlight, Renounce Religion


You were on level 3 of the Dungeon.
You worshipped Fedhas.
Fedhas was aware of your devotion.
You were not hungry.

You visited 1 branch of the dungeon, and saw 3 of its levels.

You collected 97 gold pieces.

Inventory:

Hand Weapons
 a - a +0 hand axe (weapon)
Missiles
 s - 2 tomahawks (quivered)
Armour
 m - a +0 pair of boots (worn)
Jewellery
 t - an uncursed ring of see invisible {unknown}
Scrolls
 b - 2 scrolls of remove curse {unknown}
 g - 4 scrolls of identify {unknown}
 h - a scroll of teleportation {unknown}
 k - 2 scrolls of blinking {unknown}
 n - a scroll of immolation {unknown}
 p - 2 scrolls of enchant armour {unknown}
Potions
 d - a potion of might {unknown}
 e - 2 potions of curing {unknown}
 f - 2 potions of magic {unknown}
 i - a potion of agility {unknown}
 j - 2 potions of lignification {unknown}
 l - 2 potions of heal wounds {unknown}
 o - 2 potions of cancellation {unknown}
 q - a potion of ambrosia {unknown}
Comestibles
 c - 10 rations
 r - 8 chunks of flesh


   Skills:
 + Level 3.3 Fighting
 + Level 2.9 Axes
 + Level 2.9 Dodging
 + Level 2.0 Spellcasting
 + Level 3.9 Charms


You had 2 spell levels left.
You knew the following spells:

 Your Spells              Type           Power        Failure   Level  Hunger
a - Regeneration          Chrm/Necr      #.........   32%         3    ####...
b - Song of Slaying       Chrm           ##......     7%          2    ###....
c - Infusion              Chrm           ##..         4%          1    ##.....

Your spell library contained the following spells:

 Spells                   Type           Power        Failure   Level  Hunger
 Shroud of Golubria       Chrm/Tloc      #.........   16%         2    ###....
 Spectral Weapon          Hex/Chrm       #.......     32%         3    ####...


Dungeon Overview and Level Annotations

Branches:
Dungeon (3/15)

Altars:
Fedhas
Hepliaklqana


Innate Abilities, Weirdness & Mutations

Your plain brown scales are hard. (AC +5)
You cannot fit into any form of body armour.
You are cold-blooded and may be slowed by cold attacks.


Message History

You hit the rat.
You kill the rat!
The adder barely misses you.
You closely miss the adder.
The adder is lightly wounded.
The adder bites you but does no damage. The adder misses you.
You barely miss the adder.
The adder is lightly wounded.
The adder misses you.
You hit the adder.
The adder is heavily wounded.
The adder misses you. x2
You slash the adder!
You kill the adder!
Found a ration.
You see here a rat corpse.
You butcher the rat corpse.
r - 8 chunks of flesh (gained 1)
You see here a rat skeleton.
Are you sure you want to abandon this character and quit the game? (Confirm

#....... .#.#
#####....... .#.#.#
#....)...... #%#.#.#
#....)...... .#.#.#.#
#....####..# #.
#.#.#.#.# +....#....#.
#.# #.#.#.#.##
##....#.##..# #.#
#.#.#.#.###............
.##
#.#..@......###.....รท.
#.# #.#..##.#..#
#....### .##
#..#...#.## #....# #.#
#.#...#...# ###### .##
#.#....###... #.##
#.#.#...# #.## .#.#
#.#.#..... ..# #.#.#.
#.#.#.#.#...#.# .#.#.#.
.#.#.#.#.####


There were no monsters in sight!

Vanquished Creatures
  An orc wizard (D:3)
  4 adders
  An adder zombie (D:1)
  2 oozes
  5 worms
  3 leopard geckos
  3 orcs (D:2)
  A bat zombie (D:1)
  3 giant cockroaches
  4 goblins
  4 hobgoblins
  4 jackals (D:3)
  4 kobolds (D:1)
  3 quokkas
  2 ball pythons (D:3)
  5 bats
  4 frilled lizards
  7 rats
60 creatures vanquished.

Notes
Turn   | Place    | Note
-------+----------+-------------------------------------------
     0 | D:1      | Eqeqeq the Draconian Skald began the quest for the Orb.
     0 | D:1      | Reached XP level 1. HP: 17/17 MP: 3/3
    58 | D:1      | Reached XP level 2. HP: 15/25 MP: 5/5
   722 | D:2      | Reached XP level 3. HP: 30/30 MP: 6/6
   805 | D:2      | Learned a level 2 spell: Song of Slaying
   809 | D:2      | Learned a level 3 spell: Regeneration
  1319 | D:2      | Reached XP level 4. HP: 13/37 MP: 1/7
  2476 | D:3      | Found a hazy altar of Hepliaklqana.
  2624 | D:3      | Reached XP level 5. HP: 42/44 MP: 3/8
  2625 | D:3      | Found a faded altar of an unknown god.
  2663 | D:3      | Became a worshipper of Fedhas Madash
  2663 | D:3      | Reached * piety under Fedhas
  2721 | D:3      | Quit the game

Vault maps used:
D:1:      saegor_arrival_fortress, minmay_misc_feat_secret_circle,
          palyth_stone_intersect
D:2:      first_ration, minmay_cut_off
D:3:      lemuel_round_altar, lemuel_round_altar,
          chequers_ecumenical_altar_simple_redux, minmay_misc_feat_square,
          grunt_ministairs_10, solitary_fountain, columned_hall_lemuel,
          kennysheep_potato, uniq_robin

Skill      XL: |  1  2  3  4 |
---------------+-------------+-----
Charms         | 3 |  3.9
Fighting       | 3 |  3.3
Axes           | |  2.9
Dodging        | |  2.9
Spellcasting   | |  2.0

Action                   |  1- 3 |  4- 6 || total
-------------------------+-------+-------++-------
Melee: Hand axe          |   128 |   106 ||   234
       Tailslap          |    10 |    12 ||    22
 Cast: Regeneration      |     2 |       ||     2
       Infusion          |     1 |     1 ||     2
       Song of Slaying   |       |     1 ||     1
  Eat: Chunk             |     2 |     5 ||     7
Armor: Skin              |    48 |    41 ||    89
Dodge: Dodged            |    91 |    96 ||   187

Table legend:
 A = Non-vault XP
 B = Vault XP
 C = Vault XP percentage of total XP
 D = Non-vault monster count
 E = Vault monster count
 F = Vault count percentage of total count
                 A         B        C        D         E       F
            +---------+---------+-------+---------+---------+-------
      Total |     190 |      34 |  15.2 |      53 |       7 |  11.7
            +---------+---------+-------+---------+---------+-------
        D:1 |      31 |       8 |  20.5 |      17 |       2 |  10.5
        D:2 |      63 |      26 |  29.2 |      18 |       5 |  21.7
        D:3 |      96 |       0 |   0.0 |      18 |       0 |   0.0
            +---------+---------+-------+---------+---------+-------
